[Event "Team 45 45 League T69"]
[Site "Internet Chess Club"]
[Date "2016.06.09"]
[Round "1"]
[White "rook9999"]
[Black "modiglani"]
[Result "1-0"]
[WhiteElo "1967"]
[BlackElo "1864"]
[Opening "Pirc: Sveshnikov system"]
[ECO "B07"]
[Time "14:13:39"]
[TimeControl "2700+45"]

1. e4 d6 2. d4 Nf6 3. Nc3 g6 4. g3 Bg7 5. Bg2 O-O 6. Nge2 e5 7. O-O Nc6 8. dxe5
dxe5 9. Nd5 Nxd5 10. exd5 Ne7 11. c4 Nf5 12. Bd2 Nd4 13. Nxd4 exd4 14. Qb3 a5
15. Rfe1 a4 16. Qb4 Bf5 17. c5 Qd7 18. d6 cxd6 19. cxd6 Rfd8 20. Bf4 g5 21. Bxg5
Qxd6 22. Re8+ Bf8 23. Qxd6 {Black resigns} 1-0

[Event "Team 45 45 League T69"]
[Site "Internet Chess Club"]
[Date "2016.06.09"]
[Round "1"]
[White "PolishRyszard"]
[Black "JasonModer"]
[Result "1/2-1/2"]
[WhiteElo "1858"]
[BlackElo "1945"]
[Opening "Levitsky attack (Queen's bishop attack)"]
[ECO "D00"]
[Time "15:15:04"]
[TimeControl "2700+45"]

1. d4 d5 2. Bg5 Nf6 3. e3 Bf5 4. Bxf6 exf6 5. Nd2 Nd7 6. g3 Bd6 7. Bg2 c6 8. Ne2
O-O 9. O-O Qc7 10. c4 dxc4 11. Nxc4 Be7 12. e4 Bg6 13. Ne3 Nb6 14. Rc1 Rad8 15.
Qb3 Rfe8 16. f4 h6 17. f5 Bh7 18. Kh1 c5 19. Rfd1 Rc8 20. Nf4 Qb8 21. Nfd5 Nxd5
22. Nxd5 cxd4 23. Rxc8 Qxc8 24. Rxd4 Bf8 25. Rc4 Qd8 26. Qc3 Bd6 27. Bf3 Be5 28.
Qc2 Qd7 29. b3 Rd8 30. Kg2 g6 31. g4 h5 32. h3 hxg4 33. hxg4 gxf5 34. exf5 Kh8
35. Qe4 Rg8 36. Kf2 b5 37. Rc2 a6 38. Rd2 Qa7+ 39. Qe3 Qb8 40. Qh6 Rd8 41. Kf1
Qd6 42. Rd1 Rg8 43. Rc1 Bd4 44. Kg2 Qe5 45. Rh1 Qxf5 46. Qf4 Qc2+ 47. Kh3 Be5
48. Qe3 Rg5 49. Nb4 Qg6 50. Nxa6 Qh6+ 51. Kg2 Rxg4+ 52. Kf2 Qf4 53. Qxf4 Rxf4
54. Ke3 Rd4 55. Rd1 Rh4 56. Rh1 Rd4 57. Rd1 Rxd1 58. Bxd1 Bf5 59. Be2 Bd7 60.
Nc5 Bc6 61. a4 bxa4 62. bxa4 Bc7 63. Bb5 Bxb5 64. axb5 Bb6 65. Kd4 f5 66. Kd5 f4
67. Kc6 f3 68. Nb3 f2 69. Nd2 Be3 70. Nf1 Bf4 71. b6 Kg7 72. b7 Kg6 73. Kd7 Kg5
74. Kc8 Kg4 75. b8=Q Bxb8 76. Kxb8 Kf3 77. Kc7 Ke2 78. Ng3+ Kf3 79. Nf1 f5 80.
Kd6 f4 81. Ke5 Ke2 82. Nh2 f3 83. Ke4 f1=Q 84. Nxf1 Kxf1 85. Kxf3 {Game drawn
because neither player has mating material} 1/2-1/2

[Event "Team 45 45 League T69"]
[Site "Internet Chess Club"]
[Date "2016.06.13"]
[Round "1"]
[White "ChessHouston"]
[Black "jonesey"]
[Result "1/2-1/2"]
[WhiteElo "1906"]
[BlackElo "1995"]
[Opening "Ruy Lopez: Caro variation"]
[ECO "C70"]
[Time "10:02:07"]
[TimeControl "2700+45"]

1. e4 e5 2. Nf3 Nc6 3. Bb5 a6 4. Ba4 b5 5. Bb3 Nf6 6. d3 Be7 7. Nbd2 O-O 8. c4
d6 9. O-O Bg4 10. h3 Bh5 11. cxb5 axb5 12. g4 Nxg4 13. hxg4 Bxg4 14. Qe1 Bh3 15.
Kh2 Bxf1 16. Nxf1 Na5 17. Bd1 f5 18. b4 Nc6 19. exf5 Rxf5 20. Ng3 Rf8 21. Kg2 d5
22. Qc3 Ra6 23. Rb1 Qd6 24. a4 Rxa4 25. Bxa4 bxa4 26. b5 Qf6 27. bxc6 Qxf3+ 28.
Kh3 Rf5 29. Kh2 Qxf2+ 30. Kh3 Qf3 31. Kh2 Qf2+ 32. Kh3 {Game drawn by mutual
agreement} 1/2-1/2

[Event "Team 45 45 League T69"]
[Site "Internet Chess Club"]
[Date "2016.06.12"]
[Round "1"]
[White "fledermaus"]
[Black "LiangLiang"]
[Result "1-0"]
[WhiteElo "1867"]
[BlackElo "1785"]
[Opening "English opening"]
[ECO "A30"]
[Time "13:30:23"]
[TimeControl "2700+45"]

1. Nf3 Nf6 2. c4 c5 3. Nc3 d5 4. d4 cxd4 5. Nxd5 Nxd5 6. cxd5 Qa5+ 7. Qd2 Qxd5
8. Qxd4 Qxd4 9. Nxd4 Bd7 10. e4 e5 11. Nb5 Na6 12. Bd2 Bc5 13. Rc1 O-O 14. Bc4
Bb6 15. Nd6 Nc5 16. Bb4 Bc6 17. Nxf7 Nd3+ 18. Bxd3 Rxf7 19. Bc4 Bxf2+ 20. Ke2
Bd4 21. Rhf1 Be8 22. Rf3 b5 23. Bd5 Rd8 24. Rc7 Rxd5 25. exd5 Rxf3 26. gxf3 h6
27. d6 Bb6 28. d7 Bxd7 29. Rxd7 a5 30. Rb7 axb4 31. Rxb6 {Black resigns} 1-0

[Event "Team 45 45 League T69"]
[Site "Internet Chess Club"]
[Date "2016.06.12"]
[Round "1"]
[White "platolag"]
[Black "parrot9"]
[Result "0-1"]
[WhiteElo "1674"]
[BlackElo "1750"]
[Opening "QGD semi-Slav"]
[ECO "D43"]
[Time "13:13:07"]
[TimeControl "2700+45"]

1. d4 d5 2. c4 c6 3. Nc3 Nf6 4. Nf3 e6 5. Bg5 Be7 6. e3 Nbd7 7. Be2 dxc4 8. Bxc4
b5 9. Bd3 Bb7 10. O-O a6 11. Re1 c5 12. Rc1 O-O 13. Bb1 Rc8 14. Qe2 b4 15. Na4
Ne4 16. Bxe7 Qxe7 17. Nd2 Nxd2 18. Qxd2 Rfd8 19. Nxc5 Nxc5 20. Qxb4 Qg5 21. e4
Nd3 22. f4 Rxc1 23. Bxd3 Rxe1+ 24. Qxe1 Qxf4 {White resigns} 0-1

[Event "Team 45 45 League T69"]
[Site "Internet Chess Club"]
[Date "2016.06.13"]
[Round "1"]
[White "LookImYourVader"]
[Black "watkins"]
[Result "1-0"]
[WhiteElo "1686"]
[BlackElo "1541"]
[Opening "Sicilian"]
[ECO "B50"]
[Time "14:00:15"]
[TimeControl "2700+45"]

1. e4 c5 2. Nf3 d6 3. c3 Nf6 4. Be2 e6 5. O-O Be7 6. Re1 Nc6 7. Bb5 Qc7 8. d4
cxd4 9. cxd4 a6 10. Bd3 b5 11. Be3 Ng4 12. Nbd2 Nxe3 13. Rxe3 Bb7 14. Rc1 Qd7
15. Qe2 Nb4 16. Bb1 O-O 17. a3 Nc6 18. d5 Ne5 19. dxe6 Qxe6 20. Nd4 Qd7 21. f4
Ng6 22. Rf1 Rac8 23. f5 Ne5 24. f6 Bxf6 25. Rxf6 gxf6 26. Qh5 Rc1+ 27. Nf1 Rxb1
28. Nf5 Rc8 29. Qh6 Rxf1+ 30. Kxf1 Rc1+ 31. Ke2 Rc2+ 32. Kd1 Rxg2 33. Rg3+ Rxg3
34. hxg3 Qxf5 35. exf5 Bf3+ 36. Kd2 Nc4+ 37. Kc3 Bg4 38. Qxf6 Ne3 39. Qg5+ Kf8
40. Qh6+ Kg8 41. f6 Nd5+ 42. Kd4 {Black resigns} 1-0

[Event "Team 45 45 League T69"]
[Site "Internet Chess Club"]
[Date "2016.06.11"]
[Round "1"]
[White "IshanR"]
[Black "MikeTtheGuru"]
[Result "0-1"]
[WhiteElo "1926"]
[BlackElo "1970"]
[Opening "Caro-Kann: Steinitz variation"]
[ECO "B17"]
[Time "06:08:19"]
[TimeControl "2700+45"]

1. e4 c6 2. d4 d5 3. Nd2 dxe4 4. Nxe4 Nd7 5. Ng5 Ngf6 6. Bd3 e6 7. N1f3 Bd6 8.
Qe2 h6 9. Nxe6 fxe6 10. Qxe6+ Qe7 11. Qxe7+ Kxe7 12. Bd2 Rd8 13. O-O-O Nf8 14.
Rhe1+ Kf7 15. Ne5+ Bxe5 16. dxe5 Nd5 17. c4 Nc7 18. Bb4 Be6 19. f4 g6 20. h3 Kg7
21. g4 Rd4 22. f5 Bxc4 23. Bxc4 Rxc4+ 24. Bc3 Nd5 25. e6+ Nxc3 26. bxc3 Re8 27.
e7 Nh7 28. Rd8 Nf6 29. Re6 Kf7 30. Rxf6+ Kxe7 31. Rdd6 Rxc3+ 32. Kb2 Rxh3 33.
Rfe6+ Kf8 34. Rf6+ Kg8 35. Rxg6+ Kh8 36. Rxh6+ Rxh6 37. Rxh6+ Kg7 38. Re6 Rxe6
{White resigns} 0-1

[Event "Team 45 45 League T69"]
[Site "Internet Chess Club"]
[Date "2016.06.12"]
[Round "1"]
[White "Frankly"]
[Black "pishd"]
[Result "1-0"]
[WhiteElo "1740"]
[BlackElo "1806"]
[Opening "QGD: Orthodox defense, Rubinstein attack (with Rc1)"]
[ECO "D64"]
[Time "12:24:38"]
[TimeControl "2700+45"]

1. d4 Nf6 2. c4 e6 3. Nc3 d5 4. Bg5 c6 5. e3 Be7 6. Nf3 O-O 7. Rc1 Nbd7 8. Qc2
Re8 9. a3 a6 10. h3 h6 11. Bh4 dxc4 12. Bxc4 b5 13. Ba2 Bb7 14. O-O c5 15. Bb1
Rc8 16. Ne5 cxd4 17. Nxd7 Qxd7 18. Bxf6 Bxf6 19. Qh7+ Kf8 20. exd4 Qxd4 21. Rcd1
Qb6 22. Rd7 Rc7 23. Qh8# {Black checkmated} 1-0

[Event "Team 45 45 League T69"]
[Site "Internet Chess Club"]
[Date "2016.06.13"]
[Round "1"]
[White "elmaestro"]
[Black "Constrictor"]
[Result "1-0"]
[WhiteElo "1724"]
[BlackElo "1586"]
[Opening "Queen's pawn"]
[ECO "A40"]
[Time "20:04:29"]
[TimeControl "2700+45"]

1. d4 c6 2. e3 d5 3. Bd3 Nf6 4. Nd2 Bg4 5. f3 Bh5 6. g4 Bg6 7. Qe2 e6 8. h4 Bxd3
9. Qxd3 Qc7 10. Ne2 Nbd7 11. b3 Bd6 12. Nf1 e5 13. Qd2 O-O-O 14. Bb2 e4 15. f4
h5 16. g5 Ng4 17. c4 Qb6 18. cxd5 Bb4 19. Bc3 Bxc3 20. Nxc3 cxd5 21. Nxd5 Qe6
22. Qc3+ Kb8 23. Qc7+ Ka8 24. Qxd8+ Rxd8 25. Nc7+ Kb8 26. Nxe6 fxe6 27. Rc1 Nb6
28. Ke2 Nd5 29. a3 Rc8 30. Rxc8+ Kxc8 31. Rg1 Nc3+ 32. Ke1 Nb1 33. a4 Nc3 34.
Rg2 Nd5 35. Kd2 Ne7 36. Ng3 Nf5 37. Nxh5 g6 38. Rxg4 gxh5 39. Rg1 Kd7 40. g6 Ng7
41. Kc3 Kc6 42. Kc4 b6 43. b4 a6 44. Rg5 {Black resigns} 1-0

[Event "Team 45 45 League T69"]
[Site "Internet Chess Club"]
[Date "2016.06.11"]
[Round "1"]
[White "QuieroAprender"]
[Black "bmw2002"]
[Result "1/2-1/2"]
[WhiteElo "1617"]
[BlackElo "1455"]
[Opening "King's Indian defense, 3.Nc3"]
[ECO "E61"]
[Time "20:29:39"]
[TimeControl "2700+45"]

1. d4 Nf6 2. c4 g6 3. Nc3 Bg7 4. e3 d5 5. c5 O-O 6. Bd3 Nc6 7. a3 e5 8. Bb5 exd4
9. exd4 Re8+ 10. Nge2 Bg4 11. f3 Bd7 12. O-O a6 13. Bd3 Nh5 14. Nxd5 Nxd4 15. g4
{Game drawn by mutual agreement} 1/2-1/2

[Event "Team 45 45 League T69"]
[Site "Internet Chess Club"]
[Date "2016.06.11"]
[Round "1"]
[White "chuckh2"]
[Black "drsigmund1"]
[Result "0-1"]
[WhiteElo "1425"]
[BlackElo "1503"]
[Opening "Queen's pawn"]
[ECO "A40"]
[Time "13:00:49"]
[TimeControl "2700+45"]

1. d4 e6 2. Bf4 f5 3. Nf3 Nf6 4. Nbd2 Be7 5. h3 O-O 6. e3 b6 7. Be2 Bb7 8. c3 d6
9. Qc2 Nbd7 10. g4 e5 11. Bg5 e4 12. Nh2 h6 13. Bxf6 Rxf6 14. gxf5 Rxf5 15. f4
Bh4+ 16. Kd1 d5 17. Bg4 Rf6 18. Ke2 Ba6+ 19. Kd1 Bd3 20. Qa4 b5 21. Qa5 a6 22.
Nb3 Bf2 23. Nc1 Bxe3 24. Nxd3 exd3 25. Re1 Bxf4 26. Nf3 Nb6 27. b3 Qd6 28. Ne5
Bg3 29. Kd2 Bxe1+ 30. Rxe1 Rf2+ 31. Kxd3 Qf6 32. c4 dxc4+ 33. bxc4 bxc4+ 34. Kc3
Qf4 35. Rd1 Qe3+ 36. Kb4 Rb2+ {White resigns} 0-1

[Event "Team 45 45 League T69"]
[Site "Internet Chess Club"]
[Date "2016.06.11"]
[Round "1"]
[White "pcvan"]
[Black "AlPearson"]
[Result "1-0"]
[WhiteElo "1463"]
[BlackElo "1365"]
[Opening "Petrov: Cozio (Lasker) attack"]
[ECO "C42"]
[Time "14:02:40"]
[TimeControl "2700+45"]

1. e4 e5 2. Nf3 Nf6 3. Nxe5 d6 4. Nf3 Nxe4 5. Qe2 Qe7 6. d3 Nf6 7. Be3 Nc6 8.
Nc3 d5 9. O-O-O Bg4 10. h3 Bxf3 11. Qxf3 d4 12. Bxd4 Nxd4 13. Qxb7 Rd8 14. Qxa7
c6 15. Qa5 g6 16. g4 Bg7 17. Bg2 O-O 18. Rhe1 Qd6 19. Kb1 Ra8 20. Qg5 Rfe8 21.
Rxe8+ Rxe8 22. Ne4 Nxe4 23. dxe4 Qe5 24. Qe3 Rb8 25. c3 Nb5 26. Kc2 Na3+ 27.
bxa3 Qb5 28. Kd2 Qb2+ 29. Ke1 Bxc3+ 30. Kf1 Qxa2 31. Qxc3 Rb2 32. Rd8# {Black
checkmated} 1-0

[Event "Team 45 45 League T69"]
[Site "Internet Chess Club"]
[Date "2016.06.12"]
[Round "1"]
[White "artspir"]
[Black "olivermx"]
[Result "0-1"]
[WhiteElo "1172"]
[BlackElo "1312"]
[Opening "Queen's pawn game, Krause variation"]
[ECO "D02"]
[Time "08:00:27"]
[TimeControl "2700+45"]

1. d4 d5 2. Nf3 c5 3. Bf4 Nc6 4. e3 Nf6 5. Bb5 Bd7 6. Nbd2 e6 7. O-O cxd4 8.
Bxc6 Bxc6 9. Nxd4 Bc5 10. N2f3 O-O 11. Ne5 Bxd4 12. Nxc6 bxc6 13. Qxd4 Re8 14.
Be5 Qe7 15. c4 Red8 16. Rac1 c5 17. Qc3 Ne4 18. Qd3 Nf6 19. Bxf6 Qxf6 20. Qa3
dxc4 21. Rxc4 Rd2 22. Qxc5 Qd8 23. Rd4 Rxd4 24. exd4 Qd5 25. Qxd5 exd5 26. b4
Rc8 27. Re1 h6 28. b5 Rc4 29. Rd1 Rb4 30. Ra1 Rxb5 31. a4 Rb4 32. g4 Rxd4 33. h3
g5 34. Kg2 Kg7 35. a5 Kg6 36. Rc1 Ra4 37. Rc6+ f6 38. Ra6 d4 39. Kf1 d3 40. Ke1
Rd4 41. Kd2 Rd7 42. f3 Kg7 43. Rc6 Kg6 44. a6 Kg7 45. Re6 Kf7 46. Re3 Rd6 47.
Rxd3 Rxa6 48. Rd7+ Kg6 49. Kc3 h5 50. gxh5+ Kxh5 51. Rh7+ Kg6 52. Rh8 Ra3+ 53.
Kd4 Rxf3 54. Ke4 Rf4+ 55. Ke3 Rh4 56. Rxh4 gxh4 57. Kd4 f5 58. Kc3 f4 59. Kd2 a5
60. Ke2 a4 61. Kd2 a3 62. Kc2 f3 63. Kb3 f2 {White resigns} 0-1

[Event "Team 45 45 League T69"]
[Site "Internet Chess Club"]
[Date "2016.06.13"]
[Round "1"]
[White "nosir"]
[Black "idjit"]
[Result "0-1"]
[WhiteElo "1506"]
[BlackElo "1538"]
[Opening "Trompowsky attack (Ruth, Opocenský opening)"]
[ECO "A45"]
[Time "19:01:36"]
[TimeControl "2700+45"]

1. d4 Nf6 2. Bg5 Ne4 3. Bf4 d5 4. Nf3 Nc6 5. e3 Bg4 6. Be2 e6 7. Nbd2 h6 8. h3
Bxf3 9. Nxf3 Bb4+ 10. c3 Nxc3 11. O-O Nxd1 {White resigns} 0-1

[Event "Team 45 45 League T69"]
[Site "Internet Chess Club"]
[Date "2016.06.12"]
[Round "1"]
[White "Gojira"]
[Black "rubo"]
[Result "1/2-1/2"]
[WhiteElo "1617"]
[BlackElo "1587"]
[Opening "King's Indian: London system"]
[ECO "A48"]
[Time "19:45:22"]
[TimeControl "2700+45"]

1. d4 Nf6 2. Nf3 g6 3. Bf4 c5 4. c3 Qb6 5. Qb3 Bg7 6. e3 O-O 7. Qxb6 axb6 8. Bc7
cxd4 9. exd4 Nd5 10. Bg3 d6 11. Bc4 Nc7 12. O-O Nc6 13. Nbd2 b5 14. Bb3 h6 15.
Rfe1 Bf6 16. Ne4 Kg7 17. Nxd6 exd6 18. Bxd6 Ne6 19. d5 Rd8 20. Bg3 Na5 21. dxe6
Nxb3 22. axb3 Rxa1 23. Rxa1 Bxe6 24. b4 Rd3 25. h3 Bd5 26. Be5 Rxf3 27. gxf3
Bxe5 28. Ra5 Bc6 29. Kg2 Kf6 30. Ra1 Ke6 31. Rd1 Kf5 32. Rd3 Bf6 33. Kg3 Be5+
34. Kg2 Bg7 35. Kg3 Be5+ 36. Kg2 {Game drawn by repetition} 1/2-1/2

[Event "Team 45 45 League T69"]
[Site "Internet Chess Club"]
[Date "2016.06.10"]
[Round "1"]
[White "supraholic"]
[Black "guyd52"]
[Result "0-1"]
[WhiteElo "1429"]
[BlackElo "1343"]
[Opening "Robatsch (modern) defense"]
[ECO "B06"]
[Time "21:15:35"]
[TimeControl "2700+45"]

1. e4 g6 2. Nf3 d6 3. d4 Bg7 4. Bc4 Nf6 5. Nc3 O-O 6. O-O Nbd7 7. a3 Qe8 8. b4
e5 9. dxe5 Nxe5 10. Nxe5 Qxe5 11. Bb2 Nxe4 12. Na4 Qf4 13. Bb3 Bxb2 14. Nxb2 Bd7
15. Qd3 a6 16. Rae1 Nd2 17. g3 Nf3+ 18. Kg2 Nxe1+ 19. Rxe1 Qg4 20. Nc4 Bc6+ 21.
Kg1 Rae8 22. Ne3 Qf3 23. Kf1 {White resigns} 0-1

[Event "Team 45 45 League T69"]
[Site "Internet Chess Club"]
[Date "2016.06.11"]
[Round "1"]
[White "Just-Jim"]
[Black "g8wrb"]
[Result "1/2-1/2"]
[WhiteElo "1324"]
[BlackElo "1301"]
[Opening "Van't Kruijs opening"]
[ECO "A00"]
[Time "11:07:14"]
[TimeControl "2700+45"]

1. e3 e5 2. c3 Nc6 3. d4 Nf6 4. Be2 d5 5. Bb5 Qd6 6. Nf3 e4 7. Ne5 Be7 8. O-O
O-O 9. Nxc6 bxc6 10. Be2 c5 11. dxc5 Qxc5 12. f3 c6 13. fxe4 Nxe4 14. Bg4 Re8
15. Be2 Rb8 16. Bd3 Bf6 17. Qc2 Rb7 18. Bxe4 Rxe4 19. Kh1 Bg4 20. Nd2 Re5 21.
Nb3 Qc4 22. Rf4 Qe2 23. Qxe2 Bxe2 24. Nd4 Bb5 25. Bd2 Bg5 26. Rg4 Bxe3 27. Bxe3
Rxe3 28. Nf5 h5 29. Rxg7+ Kh8 30. Rg5 Re6 31. Rxh5+ Kg8 32. h3 Be2 33. Rg5+ Rg6
34. Rxg6+ fxg6 35. Nd4 Rxb2 36. Nxc6 a6 37. Ne7+ Kf7 38. Nxd5 Bc4 39. Ne3 Rxa2
40. Rxa2 Bxa2 41. Nc2 Kf6 42. Ne3 a5 43. c4 a4 44. c5 a3 45. Nc2 Ke6 46. Nxa3
Kd5 47. c6 Kxc6 48. Nc2 Bb1 49. Nd4+ Kd5 50. Nf3 Ke6 51. Kh2 Kf5 52. h4 Kf4 53.
Kh3 Bf5+ 54. Kh2 Kg4 55. Kg1 Be4 56. Ng5 Bxg2 57. Kxg2 Kxh4 {Game drawn by
mutual agreement} 1/2-1/2

[Event "Team 45 45 League T69"]
[Site "Internet Chess Club"]
[Date "2016.06.12"]
[Round "1"]
[White "Innes"]
[Black "zorori"]
[Result "0-1"]
[WhiteElo "1537"]
[BlackElo "1735"]
[Opening "Halasz gambit"]
[ECO "C21"]
[Time "18:49:31"]
[TimeControl "2700+45"]

1. e4 e5 2. d4 exd4 3. f4 d5 4. e5 Nc6 5. Nf3 Bg4 6. Be2 Bc5 7. c3 dxc3 8. Nxc3
Nge7 9. h3 Bh5 10. g4 Bg6 11. f5 Nxf5 12. gxf5 Bxf5 13. Bg5 Qd7 14. Qxd5 Qxd5
15. Nxd5 O-O 16. O-O-O Rae8 17. b4 Nxb4 18. Nxb4 Bxb4 19. Rdg1 Bc5 20. Rg2 Re6
21. Bc4 Rb6 22. Bb3 a5 23. Bf6 g6 24. Bc2 Ba3+ 25. Kd1 Bxc2+ 26. Ke2 Re8 27. Bg5
Bb2 28. Ke3 Bf5 29. Rd1 Bxe5 30. h4 Bf6+ 31. Kf2 Bxg5 32. hxg5 Rb2+ 33. Nd2 Bd3
34. Kg3 Re2 35. Rxe2 Bxe2 36. Nc4 Bxc4 37. Rd7 Rxa2 38. Rxc7 Ba6 39. Kf4 a4 40.
Ke5 Kg7 41. Kd6 Re2 42. Rc3 b5 43. Rc6 Re6+ {White resigns} 0-1

[Event "Team 45 45 League T69"]
[Site "Internet Chess Club"]
[Date "2016.06.12"]
[Round "1"]
[White "houseofcook"]
[Black "isolani"]
[Result "1-0"]
[WhiteElo "1445"]
[BlackElo "1472"]
[Opening "Caro-Kann: exchange variation"]
[ECO "B13"]
[Time "09:01:51"]
[TimeControl "2700+45"]

1. e4 c6 2. d4 d5 3. exd5 cxd5 4. Bd3 Nf6 5. c3 e6 6. Bf4 Be7 7. Nf3 Nc6 8. Nbd2
O-O 9. h3 Bd7 10. O-O Rc8 11. Re1 a6 12. Ne5 Nxe5 13. Bxe5 Ne8 14. Qh5 g6 15.
Qd1 f6 16. Bf4 Ng7 17. Nf3 Qb6 18. Qb3 Qxb3 19. axb3 Nf5 20. Rac1 Bd6 21. Bxd6
Nxd6 22. c4 dxc4 23. bxc4 Bc6 24. Rxe6 {Black resigns} 1-0

[Event "Team 45 45 League T69"]
[Site "Internet Chess Club"]
[Date "2016.06.12"]
[Round "1"]
[White "Leon13"]
[Black "rkjulianjr"]
[Result "0-1"]
[WhiteElo "1309"]
[BlackElo "1357"]
[Opening "Giuoco Pianissimo: Italian four knights variation"]
[ECO "C50"]
[Time "11:04:02"]
[TimeControl "2700+45"]

1. e4 e5 2. Nf3 Nc6 3. Bc4 Bc5 4. d3 Nf6 5. Nc3 d6 6. h3 O-O 7. Bg5 h6 8. Bh4
Be6 9. a3 Bxc4 10. dxc4 Ne7 11. Bxf6 gxf6 12. Nh2 Kh7 13. Ng4 Ng6 14. Nd5 f5 15.
Ngf6+ Kg7 16. exf5 Nf4 17. Qg4+ Kh8 18. Qh4 Nxg2+ 19. Ke2 Nxh4 20. Nh5 Qg5 21.
Ndf6 Qxf5 22. Raf1 Qxc2+ 23. Ke1 Nf3# {White checkmated} 0-1

[Event "Team 45 45 League T69"]
[Site "Internet Chess Club"]
[Date "2016.06.13"]
[Round "1"]
[White "JohLeb"]
[Black "BrianWood"]
[Result "1-0"]
[WhiteElo "1353"]
[BlackElo "1372"]
[Opening "QGD: Tarrasch defense"]
[ECO "D32"]
[Time "19:30:40"]
[TimeControl "2700+45"]

1. d4 d5 2. c4 e6 3. Nf3 c5 4. cxd5 exd5 5. Nc3 Nf6 6. Bg5 Nc6 7. e3 Be7 8. Bb5
O-O 9. Bxc6 bxc6 10. Qa4 cxd4 11. Nxd4 c5 12. Nc6 Qd6 13. Nxe7+ Qxe7 14. Nxd5
Qe5 15. Nxf6+ gxf6 16. Bh6 Rd8 17. O-O Be6 18. b3 Bf5 19. Bf4 Qc3 20. Rac1 Qb4
21. Qxb4 cxb4 22. Rc4 a5 23. Rc5 Bg6 24. h3 Rd2 25. Rfc1 Kg7 26. f3 Rxa2 27. e4
Ra3 28. Rb1 a4 29. bxa4 R8xa4 30. Rb5 Ra1 31. Rxb4 Rxb1+ 32. Rxb1 f5 33. Be5+
Kh6 34. exf5 Bxf5 35. Rb6+ Bg6 36. f4 f5 37. g4 fxg4 38. hxg4 Re4 39. Kf2 Ra4
40. Kg3 Re4 41. Kh4 Rxe5 42. g5+ Kg7 43. fxe5 Kf7 44. Kg4 Ke7 45. Kf4 Ke8 46. e6
Ke7 47. Ke5 Be8 48. Rb7+ Kf8 49. Kf6 h6 50. gxh6 {Black resigns} 1-0

[Event "Team 45 45 League T69"]
[Site "Internet Chess Club"]
[Date "2016.06.09"]
[Round "1"]
[White "cityprosecutor"]
[Black "kidcobra"]
[Result "1-0"]
[WhiteElo "1786"]
[BlackElo "1798"]
[Opening "Scotch: Göring gambit"]
[ECO "C44"]
[Time "18:12:21"]
[TimeControl "2700+45"]

1. e4 e5 2. Nf3 Nc6 3. d4 exd4 4. c3 d6 5. cxd4 Nf6 6. Nc3 Be7 7. Bc4 Bg4 8. Be3
O-O 9. O-O Na5 10. Bd3 c5 11. dxc5 dxc5 12. Be2 Qc7 13. Qc2 a6 14. e5 Nd7 15.
Nd5 Qd8 16. Nxe7+ Qxe7 17. Ng5 g6 18. Bxg4 Nxe5 19. Be2 b6 20. Rad1 Rfd8 21.
Rxd8+ Rxd8 22. Bxa6 Ng4 23. Qe2 Nf6 24. Nf3 Nc6 25. Bg5 Qxe2 26. Bxe2 Rd6 27.
Rd1 Re6 28. Bc4 Re4 29. Bb5 Nd4 30. Nxd4 cxd4 31. Bxf6 h5 32. f3 Re6 33. Bxd4 g5
34. Bc3 g4 35. Rd5 f5 36. Rxf5 Kh7 37. Rxh5+ Kg6 38. fxg4 Re7 39. Bd3+ Kf7 40.
Rh7+ Ke6 41. Rxe7+ Kxe7 42. g5 b5 43. a3 b4 44. axb4 Kf7 45. g6+ Ke7 46. g7 Kd6
47. g8=Q Kc6 48. Qe6+ Kb7 49. Be4+ Kb8 50. Be5+ Ka7 51. Qd7+ Ka6 52. Qc6+ Ka7
53. Qb7# {Black checkmated} 1-0

[Event "Team 45 45 League T69"]
[Site "Internet Chess Club"]
[Date "2016.06.11"]
[Round "1"]
[White "RD1974"]
[Black "Hal2001"]
[Result "1-0"]
[WhiteElo "1725"]
[BlackElo "1686"]
[Opening "Robatsch (modern) defense"]
[ECO "B06"]
[Time "10:01:20"]
[TimeControl "2700+45"]

1. e4 g6 2. d4 Bg7 3. Be3 c5 4. c3 cxd4 5. cxd4 d5 6. e5 Nh6 7. Nc3 O-O 8. Be2
Nc6 9. h3 Nf5 10. Nf3 Nxe3 11. fxe3 f6 12. exf6 exf6 13. e4 dxe4 14. Nxe4 Re8
15. Nc3 Bh6 16. O-O Be3+ 17. Kh1 Nxd4 18. Bc4+ Kg7 19. Nd5 Nf5 20. Nxe3 Nxe3 21.
Qxd8 Rxd8 22. Rfc1 Bf5 23. Bb3 Rac8 24. Re1 Rd3 25. Re2 Nc4 26. Re7+ Kh6 27.
Rae1 Bxh3 28. Bc2 Nxb2 29. Bxd3 Nxd3 30. Rf1 Bg4 31. Nd4 Nb4 32. a3 Nc6 33. Nxc6
Rxc6 34. Rxb7 Ra6 35. Rb3 Bf5 36. Kh2 Rc6 37. Re3 Rc7 38. Kg3 Kg5 39. Rfe1 Rd7
40. Kh2 a6 41. Re7 Rd3 42. Ra1 Rd2 43. a4 h5 44. a5 Rd6 45. Ra3 Be6 46. Rb7 Bc4
47. Rb6 Rd5 48. Rc3 Bb5 49. Rf3 Rf5 50. Rxf5+ Kxf5 51. Rxb5+ axb5 52. a6 b4 53.
a7 b3 54. a8=Q b2 55. Qb7 {Black resigns} 1-0

[Event "Team 45 45 League T69"]
[Site "Internet Chess Club"]
[Date "2016.06.10"]
[Round "1"]
[White "elessar"]
[Black "noblitz-oblige"]
[Result "1-0"]
[WhiteElo "1657"]
[BlackElo "1485"]
[Opening "Ruy Lopez: Wormald (Alapin) attack"]
[ECO "C65"]
[Time "09:00:29"]
[TimeControl "2700+45"]

1. e4 e5 2. Nf3 Nc6 3. Bb5 Nf6 4. Qe2 a6 5. Ba4 b5 6. Bb3 Be7 7. c3 O-O 8. O-O
Bb7 9. d3 h6 10. Nbd2 Re8 11. Re1 Bf8 12. Nf1 d5 13. Ng3 d4 14. Nf5 Bc8 15. Ng3
a5 16. a4 b4 17. c4 Bd6 18. Nh4 Ng4 19. Nhf5 Nf6 20. h3 Ne7 21. Nxe7+ Bxe7 22.
f4 exf4 23. Bxf4 Bd6 24. Qf2 Bxf4 25. Qxf4 Be6 26. Bd1 Qd7 27. Bf3 Rab8 28. b3
Nh7 29. Nf5 Ng5 30. Bg4 Qc6 31. Nxd4 Qc5 32. Qf2 Rbd8 33. Nxe6 Qxf2+ 34. Kxf2
Nxe6 35. Bxe6 Rxe6 36. Rad1 c5 37. Re3 Rde8 38. Rf3 Re5 39. Rf5 g6 40. Rxe5 Rxe5
41. Re1 f6 42. Re3 Kf7 43. Rf3 Ke6 44. Rg3 Kf7 45. Ke3 g5 46. Rf3 Ke6 47. g4 Kf7
48. Rf5 Ke6 49. d4 {Black resigns} 1-0

[Event "Team 45 45 League T69"]
[Site "Internet Chess Club"]
[Date "2016.06.09"]
[Round "1"]
[White "KidRattler"]
[Black "Constrictor"]
[Result "1/2-1/2"]
[WhiteElo "1579"]
[BlackElo "1597"]
[Opening "Caro-Kann: two knights, 3...Bg4"]
[ECO "B10"]
[Time "17:10:32"]
[TimeControl "2700+45"]

1. e4 c6 2. Nf3 d5 3. Nc3 Bg4 4. exd5 cxd5 5. h3 Bxf3 6. Qxf3 e6 7. d4 Nc6 8.
Bb5 Nf6 9. Be3 Bb4 10. O-O O-O 11. g4 e5 12. Bxc6 e4 13. Nxe4 dxe4 14. Bxe4 Nxe4
15. Qxe4 Bd6 16. f4 Re8 17. Qd3 Qh4 18. Bf2 Qh6 19. Bg3 Qxh3 20. Rf3 Qxg4 21.
Raf1 Re7 22. R3f2 Rae8 23. Qf3 Qxf3 24. Rxf3 Re2 25. R1f2 f5 26. Rxe2 Rxe2 27.
Rf2 Re1+ 28. Rf1 Rxf1+ 29. Kxf1 g5 30. Ke2 Kf7 31. Kf3 g4+ 32. Ke3 Ke6 33. c4 h5
34. d5+ Kd7 35. Bh4 Kc7 36. a3 a5 37. Bf6 Kd7 38. Bg5 a4 39. Bh4 Be7 40. Be1 Bf6
41. Bc3 Be7 42. Bb4 h4 43. Bxe7 Kxe7 44. c5 h3 45. Kf2 h2 46. Kg2 g3 47. Kh1 Kd7
48. Kg2 Kc7 49. Kh1 b6 50. c6 Kd6 51. Kg2 b5 52. Kh1 Kc7 53. Kg2 Kd6 {Game drawn
by mutual agreement} 1/2-1/2